 Dungeon Sprint DCSS version 0.26-a0-665-gefeb406119 (webtiles) character file.

Game seed: 7679924078656531564

1286 sahdkjhfkaj the Blocker (level 8, -6/78 HPs)
             Began as a Minotaur Fighter on Oct 14, 2020.
             Was an Elder of Wu Jian.
             Killed from afar by a ynoxinul (31 damage)
             ... with an iron shot
             ... in the Dungeon (Sprint VII: "The Pits").
             The game lasted 00:02:50 (833 turns).

sahdkjhfkaj the Blocker (Minotaur Fighter)           Turns: 833, Time: 00:02:51

Health: -6/78      AC: 18    Str: 30    XL:     8   Next: 30%
Magic:  7/7        EV: 10    Int:  5    God:    Wu Jian [****..]
Gold:   0          SH: 13    Dex:  9    Spells: 7/7 levels left

rFire    . . .     SeeInvis .   a - +2 war axe (vorpal)
rCold    . . .     Faith    .   c - +0 kite shield
rNeg     . . .     Spirit   .   b - +3 plate armour
rPois    .         Reflect  .   (helmet restricted)
rElec    .         Harm     .   t - +0 cloak
rCorr    .         Rampage  .   (no gloves)
MR       .....     NoTele   +   (no boots)
Stlth    ..........             (no amulet)
HPRegen  0.23/turn              p - +3 ring of strength
MPRegen  0.10/turn              o - +3 ring of strength

@: exhausted
A: retaliatory headbutt, horns 2
a: Wall Jump, Serpent's Lash, Renounce Religion


You were in the Dungeon.
You worshipped Wu Jian.
Wu Jian was greatly pleased with you.
You visited 1 branch

Inventory:

Hand Weapons
 a - a +2 vorpal war axe (weapon)
Armour
 b - a +3 plate armour (worn)
 c - a +0 kite shield (worn)
 t - a +0 cloak (worn)
Jewellery
 o - a +3 ring of strength (right hand)
 p - a +3 ring of strength (left hand)
Scrolls
 j - a scroll of blinking
 l - 3 scrolls of remove curse
 m - 5 scrolls of amnesia
 n - a scroll of summoning
Potions
 d - a potion of might
 e - 7 potions of curing
 f - 10 potions of heal wounds
 g - 2 potions of haste
 h - 4 potions of magic
 i - 2 potions of berserk rage
 k - 2 potions of invisibility
 q - 2 potions of brilliance
 r - 2 potions of stabbing
 s - a potion of mutation


   Skills:
 + Level 9.1 Fighting
 * Level 11.8 Axes
 + Level 9.2 Armour
 + Level 7.5 Dodging
 * Level 12.1 Shields


You had 7 spell levels left.
You didn't know any spells.
Your spell library was empty.

Dungeon Overview and Level Annotations

Branches:
Dungeon (1/1)

Altars:
Ashenzari
Cheibriados
Dithmenos
Elyvilon
Fedhas
Gozag
Hepliaklqana
Kikubaaqudgha
Makhleb
Nemelex Xobeh
Okawaru
Qazlal
Ru
Sif Muna
Trog
Uskayaw
Vehumet
Wu Jian
Xom
Yredelemnul
Zin
The Shining One
Beogh
Jiyva
Lugonu


Innate Abilities, Weirdness & Mutations

You reflexively headbutt those who attack you in melee.
You have a pair of horns on your head.


Message History

Unknown command.
Unknown command.
Unknown command.
Unknown command.
Unknown command.
Unknown command.
Unknown command.
Unknown command.
Unknown command.
Unknown command.
Unknown command.
Unknown command.
You chop one of the seven-headed hydra's heads off!
The six-headed hydra grows two more!
You slash the eight-headed hydra!
The eight-headed hydra is severely wounded.
You hit the ufetubus.
You kill the ufetubus!
The ynoxinul gestures at you. The iron shot hits you!!
You die...

'#####......#..#......#
....##................#
###'#####'#####''######
....##.......##''#####
....##.......##......#
#†####.......##......#
))†.##...<...###....##
....##.......# ##°'##
....##.......# #@...#
######.......##D.5...#
.#..###########..3...+
.#.############......#
.#÷#....#..[[###....##
.#÷#....#...[# ##++##
.#.)....'..))#
.#)#....#..))#
.'(#....#..))#


You could see an eight-headed hydra, a ynoxinul and an ufetubus (summoned).

Vanquished Creatures
  A deep elf mage (D)
  A steam dragon (D)
  2 water moccasins (D)
  A black bear (D)
  A necrophage (D)
  A centaur (D)
  3 wights (D)
  A quasit (D)
  2 iguanas (D)
  A jelly (D)
  A worker ant (D)
  2 adders (D)
  2 river rats (D)
  A white imp (D)
  A bat skeleton (D)
  A quokka (D)
  3 frilled lizards (D)
  2 rats (D)
27 creatures vanquished.

Notes
Turn   | Place    | Note
-------+----------+-------------------------------------------
     0 | D        | sahdkjhfkaj the Minotaur Fighter began the quest for the
                  | Orb.
     0 | D        | Reached XP level 1. HP: 19/19 MP: 0/0
    33 | D        | Found a bloodstained altar of Trog.
    33 | D        | Found a shimmering blue altar of Sif Muna.
    33 | D        | Found a viscous altar of Jiyva.
    33 | D        | Found a hazy altar of Hepliaklqana.
    33 | D        | Found an opulent altar of Gozag.
    34 | D        | Found a glowing golden altar of the Shining One.
    34 | D        | Found a glowing silver altar of Zin.
    34 | D        | Found a basalt altar of Yredelemnul.
    34 | D        | Found a shimmering altar of Xom.
    34 | D        | Found an ornate altar of the Wu Jian Council.
    34 | D        | Found a sacrificial altar of Ru.
    34 | D        | Found a stormy altar of Qazlal.
    34 | D        | Found an iron altar of Okawaru.
    34 | D        | Found a sparkling altar of Nemelex Xobeh.
    34 | D        | Found a burning altar of Makhleb.
    34 | D        | Found a blossoming altar of Fedhas.
    34 | D        | Found a white marble altar of Elyvilon.
    34 | D        | Found a shadowy altar of Dithmenos.
    34 | D        | Found a snail-covered altar of Cheibriados.
    35 | D        | Found a radiant altar of Vehumet.
    35 | D        | Found a corrupted altar of Lugonu.
    35 | D        | Found a roughly hewn altar of Beogh.
    36 | D        | Found a hide-covered altar of Uskayaw.
    36 | D        | Found an ancient bone altar of Kikubaaqudgha.
    36 | D        | Found a broken altar of Ashenzari.
    42 | D        | Became a worshipper of the Wu Jian Council
    80 | D        | Reached skill level 4 in Shields
   132 | D        | Reached * piety under Wu Jian
   132 | D        | Reached skill level 1 in Dodging
   132 | D        | Reached XP level 2. HP: 22/27 MP: 1/1
   133 | D        | Reached skill level 5 in Shields
   219 | D        | Noticed a wight
   219 | D        | Noticed a wight
   220 | D        | Noticed a wight
   225 | D        | Reached XP level 3. HP: 34/34 MP: 2/2
   228 | D        | Reached ** piety under Wu Jian
   229 | D        | Reached skill level 5 in Fighting
   229 | D        | Reached skill level 5 in Axes
   229 | D        | Reached skill level 5 in Armour
   229 | D        | Reached skill level 6 in Shields
   229 | D        | Reached XP level 4. HP: 42/42 MP: 3/3
   231 | D        | Reached skill level 7 in Shields
   234 | D        | Reached *** piety under Wu Jian
   234 | D        | Reached XP level 5. HP: 50/50 MP: 4/4
   335 | D        | Reached skill level 8 in Shields
   337 | D        | Noticed a necrophage
   348 | D        | Killed a necrophage
   348 | D        | Reached skill level 5 in Dodging
   348 | D        | Reached skill level 9 in Shields
   348 | D        | Reached XP level 6. HP: 58/58 MP: 5/5
   351 | D        | Reached **** piety under Wu Jian
   392 | D        | Reached skill level 10 in Shields
   416 | D        | Noticed a water moccasin
   416 | D        | Noticed a water moccasin
   421 | D        | Killed a water moccasin
   421 | D        | Reached skill level 10 in Axes
   421 | D        | Reached XP level 7. HP: 67/67 MP: 6/6
   425 | D        | Reached ***** piety under Wu Jian
   438 | D        | Noticed a deep elf mage
   438 | D        | Noticed a steam dragon
   444 | D        | Killed a steam dragon
   444 | D        | Reached skill level 11 in Shields
   452 | D        | Killed a deep elf mage
   452 | D        | Reached skill level 12 in Shields
   452 | D        | Reached XP level 8. HP: 27/78 MP: 7/7
   829 | D        | Noticed a four-headed hydra
   833 | D        | Killed from afar by a ynoxinul

Illustrated notes

Levels and vault maps discovered:
D:        pitsprint [storerooms_1, entrance_room_1, metal_vault_2, armoury_2,
          mini_pit_1, grid_room_1, main_hall_1, silver_pit, the_coven_3,
          the_vestibule_1, steel_vault_1, golden_pit, hallway_of_sentries,
          crystal_vault_3, iron_vault_2, final_vault]

Skill      XL: |  1  2  3  4  5  6  7 |
---------------+----------------------+-----
Axes           | 3 4 5 7 8 10 11 | 11.8
Shields        | 4 5 6 7 9 10 12 | 12.1
Fighting       | 4 5 6 7 9 |  9.1
Armour         | 4 5 6 7 9 |  9.2
Dodging        | 1 2 3 4 5 6 7 |  7.5

Action                   |  1- 3 |  4- 6 |  7- 9 || total
-------------------------+-------+-------+-------++-------
Melee: War axe           |    36 |    41 |    24 ||   101
       Headbutt          |     2 |       |     5 ||     7
Invok: Lunge             |     1 |     1 |     3 ||     5
       Whirlwind         |       |     2 |       ||     2
       Serpent's Lash    |       |     1 |     1 ||     2
       Heavenly Storm    |       |       |     1 ||     1
  Use: Potion            |     1 |       |       ||     1
Armor: Scale mail        |    24 |    12 |     5 ||    41
       Plate armour      |       |       |     5 ||     5
Dodge: Dodged            |    17 |    21 |     4 ||    42
Block: Kite shield       |    24 |    22 |    11 ||    57

Table legend: (Time is in decaauts)
 A = Elapsed time spent in this place.
 B = Non-inter-level travel time spent in this place.
 C = Inter-level travel time spent in this place.
 D = Time resting spent in this place.
 E = Time spent auto-exploring this place.
 F = Levels seen in this place.
 G = Mean time per level.
                   A        B        C        D        E       F      G
               +--------+--------+--------+--------+--------+-----+--------+
         Total |    855 |    783 |     72 |    457 |      0 |   1 |  855.0 |
       Dungeon |    855 |    783 |     72 |    457 |      0 |   1 |  855.0 |
               +--------+--------+--------+--------+--------+-----+--------+

Top non-repeatable levels by time:
       D: 855 daAuts
